 Dungeon Crawl Stone Soup version 0.30-a0-465-g8901f6c8b5 (webtiles) character file.

Game seed: 11407305470639966390

1799 brightshaft the Carver (level 9, -2/66 HPs)
             Began as a Merfolk Gladiator on Dec 18, 2022.
             Was a Believer of Ru.
             Slain by a cyan ugly thing (13 damage)
             ... on level 6 of the Dungeon.
             The game lasted 00:12:16 (5071 turns).

brightshaft the Carver (Merfolk Gladiator)          Turns: 5071, Time: 00:12:16

Health: -2/66      AC:  7    Str: 20    XL:     9   Next: 9%
Magic:  9/9        EV: 15    Int:  8    God:    Ru [**....]
Gold:   309        SH:  0    Dex: 19    Spells: 8/8 levels left

rFire   . . .      SeeInvis .    a - +1 long sword (elec)
rCold   . . .      Faith    .    (no shield)
rNeg    . . .      Spirit   .    b - +0 leather armour
rPois   .          Reflect  .    c - +2 helmet
rElec   .          Harm     .    C - +0 cloak
rCorr   .          Rampage  .    (no gloves)
Will    .....                    (no boots)
Stlth   +++.......               (no amulet)
HPRegen 0.31/turn                h - +6 ring of strength
MPRegen 0.11/turn                v - ring of flight

@: flying
A: inability to use devices, (nimble swimmer 2), mertail
a: Renounce Religion


You were on level 6 of the Dungeon.
You worshipped Ru.
Ru was pleased with you.
You visited 1 branch of the dungeon, and saw 6 of its levels.
You also visited: Sewer.

You collected 309 gold pieces.

Inventory:

Hand Weapons
 a - a +1 long sword of electrocution (weapon)
 F - a +0 great sword
Missiles
 d - a throwing net
 e - 3 javelins
 q - 14 poisoned darts (quivered)
 A - 4 boomerangs
Armour
 b - a +0 leather armour (worn)
 c - a +2 helmet (worn)
 f - a +0 ring mail
 s - a +0 scale mail
 C - a +0 cloak (worn)
Jewellery
 h - a +6 ring of strength (left hand)
 u - a ring of resist corrosion
 v - a ring of flight (right hand)
Scrolls
 j - a scroll of blinking
 n - a scroll of identify {@r1}
 o - 2 scrolls of enchant weapon
 p - a scroll of brand weapon
 w - a scroll of fog
 y - a scroll of immolation {unknown}
 z - a scroll of amnesia {unknown}
 B - a scroll of noise {unknown}
 D - a scroll of summoning {unknown}
 E - a scroll of teleportation {@r4}
Potions
 g - 3 potions of might
 i - a potion of mutation {unknown}
 k - 2 potions of cancellation
 l - 2 potions of curing {@q1}
 m - a potion of degeneration {unknown}
 r - 2 potions of heal wounds {@q2}
 t - a potion of berserk rage {unknown}
 x - a potion of flight {unknown}


   Skills:
 - Level 4.7 Fighting
 * Level 11.6 Long Blades
 - Level 2.2 Throwing
 - Level 6.4 Dodging
 - Level 4.1 Stealth


You had 8 spell levels left.
You didn't know any spells.
Your spell library contained the following spells:

 Spells                   Type           Power      Damage    Failure   Level
 Gell's Gravitas          Tloc           0%         N/A       83%         3
 Stone Arrow              Conj/Erth      0%         3d7       83%         3
 Teleport Other           Tloc           0%         N/A       83%         3
 Animate Armour           Summ/Erth      0%         N/A       99%         4
 Dispersal                Tloc           0%         N/A       100%        6
 Lehudib's Crystal Spear  Conj/Erth      0%         10d2      100%        8


Dungeon Overview and Level Annotations

Branches:
Dungeon (6/15)             Temple (0/1) D:4           Sewer (visited)

Altars:
Kikubaaqudgha
Okawaru
Ru
Uskayaw
Vehumet

Shops:
D:1 =   D:6 [


Innate Abilities, Weirdness & Mutations

You cannot study or use magical devices.
((You are very nimble when in or above water. (Stealth+, EV+, Speed+++)))
Your lower body shifts to a powerful aquatic tail in water.


Message History

The shadow imp closely misses you.
You hit the gnoll sergeant.
The gnoll sergeant is almost dead.
The cyan ugly thing closely misses you.
You hit the gnoll sergeant.
The gnoll sergeant is almost dead.
The gnoll sergeant completely misses you.
The shadow imp hits you but does no damage.
You hit the gnoll sergeant.
Lightning courses through the gnoll sergeant!!
You kill the gnoll sergeant!
The cyan ugly thing is stunned by your conviction and fails to attack.
The shadow imp gestures at you. Pain shoots through your body!
You focus your inner power and illuminate the shadow imp in retribution!
You completely miss the cyan ugly thing.
The cyan ugly thing kicks you. The cyan ugly thing shocks you!
You focus your inner power and illuminate the cyan ugly thing in retribution!
The shadow imp barely misses you.
The shadow imp attacks as you move away!
The shadow imp hits you but does no damage.
The cyan ugly thing attacks as you move away!
The cyan ugly thing kicks you. The cyan ugly thing shocks you!
* * * LOW HITPOINT WARNING * * *
You feel better. The cyan ugly thing barely misses you.
The shadow imp shouts, "Turn tail, thou jarring mumble-news socdollager!"
The shadow imp begins to attack, but is stunned by your conviction!
You hit the cyan ugly thing but do no damage.
The cyan ugly thing kicks you but does no damage.
You hit the cyan ugly thing but do no damage.
The cyan ugly thing misses you.
You hit the cyan ugly thing.
The cyan ugly thing is lightly wounded.
The shadow imp stops glowing.
The cyan ugly thing closely misses you.
You slash the cyan ugly thing!
The cyan ugly thing is moderately wounded.
The cyan ugly thing kicks you!
* * * LOW HITPOINT WARNING * * *
The cyan ugly thing shocks you!
You die...

# .......#....)..........##
##.......#.####.....####..##
...........#(.##...##.[#...#
.........#.#...##.##...#.###
......#..#.##...#.#.†.##.#
......#.....##†'#.#'.##..#
..##.........###...###...###
...#....#........8.........#
.........#...###@..###...#.#
............##lu#.#'†##..#.#
........<..##..5#.#.).##.#.#
.......##..#...##.##...#...#
.....#.##..#[.##...##..#...#
.....#.....####.....####..##
.##......................##
.###................#..###
..#.............#......##


You could see a cyan ugly thing (corona), an iguana and a shadow imp.

Vanquished Creatures
  A water moccasin (D:6)
  An orc warrior (D:5)
  4 ice beasts
  A sky beast (D:6)
  An ogre (D:5)
  2 phantoms (D:4)
  A kobold brigand (Sewer)
  A gnoll sergeant (D:6)
  A necrophage (D:6)
  A howler monkey (D:5)
  A vampire bat (D:4)
  2 hounds
  A jelly (D:6)
  2 orc priests
  7 iguanas
  4 orc wizards (D:6)
  6 adders
  3 gnolls (D:3)
  2 white imps
  An ufetubus (D:6)
  3 worms
  3 dart slugs
  21 orcs
  6 ball pythons
  3 bat skeletons (D:4)
  2 bat zombies (D:4)
  5 endoplasms
  A giant cockroach (D:4)
  4 goblins
  9 hobgoblins
  8 kobolds
  5 quokkas
  2 bats
  2 frilled lizards (D:1)
  13 rats
130 creatures vanquished.

Notes
Turn   | Place    | Note
-------+----------+-------------------------------------------
     0 | D:1      | brightshaft the Merfolk Gladiator began the quest for the
                  | Orb.
     0 | D:1      | Reached XP level 1. HP: 16/16 MP: 1/1
   107 | D:1      | Reached XP level 2. HP: 21/23 MP: 2/2
   182 | D:1      | Reached skill level 4 in Long Blades
   374 | D:1      | Found Dottif's Jewellery Shoppe.
   511 | D:2      | Reached XP level 3. HP: 28/28 MP: 3/3
   574 | D:2      | Reached skill level 5 in Long Blades
   659 | D:2      | You fall into a shaft and drop 2 floors!
   722 | D:3      | Reached XP level 4. HP: 34/34 MP: 4/4
   814 | D:3      | Reached skill level 6 in Long Blades
   938 | D:3      | Reached XP level 5. HP: 36/39 MP: 5/5
  1133 | D:3      | Found a glowing drain.
  1137 | Sewer    | Entered a sewer
  1394 | Sewer    | Noticed a kobold brigand
  1413 | Sewer    | Killed a kobold brigand
  1414 | Sewer    | Reached skill level 7 in Long Blades
  1414 | Sewer    | Reached XP level 6. HP: 20/46 MP: 6/6
  1764 | D:3      | Found a hide-covered altar of Uskayaw.
  1811 | D:3      | Found a sacrificial altar of Ru.
  1961 | D:3      | Became a worshipper of Ru the Awakened
  2348 | D:4      | Reached skill level 8 in Long Blades
  2364 | D:4      | Reached skill level 1 in Stealth
  2624 | D:4      | Found a staircase to the Ecumenical Temple.
  2819 | D:4      | Found an ancient bone altar of Kikubaaqudgha.
  2840 | D:4      | Reached XP level 7. HP: 51/51 MP: 7/7
  3274 | D:5      | Entered Level 5 of the Dungeon
  3380 | D:5      | Reached skill level 5 in Dodging
  3413 | D:5      | Found a radiant altar of Vehumet.
  3438 | D:5      | Reached skill level 9 in Long Blades
  3580 | D:5      | Found an iron altar of Okawaru.
  3793 | D:5      | Gained mutation: You cannot study or use magical devices.
                  | [Ru sacrifice]
  3793 | D:5      | Reached * piety under Ru
  3793 | D:5      | Reached ** piety under Ru
  3802 | D:5      | Reached XP level 8. HP: 60/60 MP: 8/8
  4637 | D:6      | Reached skill level 10 in Long Blades
  4832 | D:6      | Found Ezoy's Armour Shoppe.
  4953 | D:6      | Reached skill level 11 in Long Blades
  5019 | D:6      | Reached XP level 9. HP: 57/66 MP: 9/9
  5057 | D:6      | Noticed a cyan ugly thing
  5071 | D:6      | Slain by a cyan ugly thing

Illustrated notes

Levels and vault maps discovered:
D:1:      lightli_arrival_flooded_house, layout_rooms, serial_shops,
          nicolae_shop_hallway_plus
D:2:      layout_rooms, minmay_tromino_v7
D:3:      layout_loops_corners, mainiacjoe_overflow_catch_the_wave,
          gup_sewer_entry_bowl
D:4:      layout_basic, kennysheep_vampire_church,
          minmay_temple_entry_mini_moons
D:5:      layout_loops_ring, okawaru_gym_becter, vehumet_crystals
D:6:      cheibrodos_barr_body, layout_cave_pools, serial_shops,
          nicolae_take_the_stairs

Skill      XL: |  1  2  3  4  5  6  7  8 |
---------------+-------------------------+-----
Long Blades    | 4 5 6 7 8 9 11 | 11.6
Stealth        | 1 2 4 |  4.1
Fighting       | 3 4 |  4.7
Dodging        | 5 6 |  6.4
Throwing       | |  2.2

Action                   |  1- 3 |  4- 6 |  7- 9 || total
-------------------------+-------+-------+-------++-------
Melee: Long sword        |    79 |   155 |   171 ||   405
       Punch             |     2 |       |     5 ||     7
       Tailslap          |       |     1 |       ||     1
Throw: Throwing net      |       |     3 |       ||     3
       Dart              |       |       |     2 ||     2
Invok: Sacrifice Artific |       |       |     1 ||     1
  Use: Scroll            |     5 |     6 |     2 ||    13
       Potion            |       |       |     2 ||     2
 Stab: Sleeping          |     1 |       |     1 ||     2
       Distracted        |       |       |     1 ||     1
Armor: Leather armour    |    23 |    38 |    37 ||    98
Dodge: Dodged            |    63 |    80 |   114 ||   257

Table legend: (Time is in decaauts)
 A = Elapsed time spent in this place.
 B = Non-inter-level travel time spent in this place.
 C = Inter-level travel time spent in this place.
 D = Time resting spent in this place.
 E = Time spent auto-exploring this place.
 F = Levels seen in this place.
 G = Mean time per level.
                   A        B        C        D        E       F      G
               +--------+--------+--------+--------+--------+-----+--------+
         Total |   5030 |   4863 |    167 |      0 |   3865 |   7 |  718.6 |
       Dungeon |   4647 |   4480 |    167 |      0 |   3599 |   6 |  774.5 |
         Sewer |    383 |    383 |      0 |      0 |    265 |   1 |  383.0 |
               +--------+--------+--------+--------+--------+-----+--------+

Top non-repeatable levels by time:
     D:3: 1202 daAuts
     D:5: 997 daAuts
     D:4: 991 daAuts
     D:6: 784 daAuts
     D:1: 493 daAuts
   Sewer: 383 daAuts
     D:2: 177 daAuts
